 Dungeon Crawl Stone Soup version 0.28-a0-1447-ga5a8893891 (webtiles) character file.

Game seed: 11109567627751279034

1438 horus123 the Destroyer (level 8, -2/41 HPs)
             Began as a Deep Elf Conjurer on Jan 11, 2022.
             Was an Initiate of Vehumet.
             Succumbed to a killer bee's poison
             ... on level 6 of the Dungeon.
             The game lasted 00:15:42 (6320 turns).

horus123 the Destroyer (Deep Elf Conjurer)          Turns: 6320, Time: 00:15:42

Health: -2/41      AC:  5    Str:  1 (4)  XL:     8   Next: 45%
Magic:  18/21      EV: 12    Int: 24 (26) God:    Vehumet [......]
Gold:   115        SH:  0    Dex: 12 (13) Spells: 1/21 levels left

rFire   . . .      SeeInvis .   v - +1 rapier of Mutilation {drain, rC+}
rCold   + . .      Faith    .   (no shield)
rNeg    . . .      Spirit   .   a - +0 robe
rPois   .          Reflect  .   c - +2 hat
rElec   .          Harm     .   r - +0 cloak
rCorr   .          Rampage  .   (no gloves)
Will    .....                   (no boots)
Stlth   ++........              x - amulet of magic regeneration
HPRegen 0.13/turn               w - +4 ring of slaying
MPRegen 0.57/turn               s - ring of wizardry

@: mighty, lethally poisoned (-2 -> -19)
A: no striking features
a: Renounce Religion


You were on level 6 of the Dungeon.
You worshipped Vehumet.
Vehumet was noncommittal.
You visited 1 branch of the dungeon, and saw 6 of its levels.

You collected 409 gold pieces.
You spent 294 gold pieces at shops.

Inventory:

Hand Weapons
 b - a +0 long sword
 g - a +1 dagger of draining
 i - a +1 dagger of flaming
 m - a +2 short sword of freezing
 v - the +1 rapier of Mutilation (weapon) {drain, rC+}
   (You bought it in a shop on level 4 of the Dungeon)

   A truly terrible weapon, it drains the life of any living foe it strikes.
   rC:        It protects you from cold.
Armour
 a - a +0 robe (worn)
 c - a +2 hat (worn)
 r - a +0 cloak (worn)
Jewellery
 p - a ring of poison resistance
 s - a ring of wizardry (right hand)
 w - a +4 ring of slaying (left hand)
 x - an amulet of magic regeneration (around neck)
Wands
 l - a wand of charming (10)
 y - a wand of digging (3)
Scrolls
 d - a scroll of amnesia {unknown}
 n - a scroll of teleportation
 u - a scroll of enchant armour
Potions
 f - a potion of ambrosia {unknown}
 h - a potion of invisibility {unknown}
 j - a potion of mutation
 k - a potion of might
 o - a potion of brilliance {unknown}
 q - a potion of attraction {unknown}
 t - 2 potions of heal wounds {unknown}


   Skills:
 - Level 2.4 Dodging
 - Level 2.4 Stealth
 - Level 7.3 Spellcasting
 - Level 9.0 Conjurations
 - Level 6.1 Hexes
 + Level 3.0 Fire Magic


You had one spell level left.
You knew the following spells:

 Your Spells              Type           Power      Damage    Failure   Level
a - Magic Dart            Conj           100%       1d8       1%          1
b - Searing Ray           Conj           100%       2d8       1%          2
c - Fulminant Prism       Conj/Hex       22%        3d13      1%          4
d - Iskenderun's Mystic   Conj/Tloc      30%        2d8       4%          4
e - Starburst             Conj/Fire      18%        6d7       32%         6
f - Tukima's Dance        Hex            38%        N/A       1%          3

Your spell library contained the following spells:

 Spells                   Type           Power      Damage    Failure   Level
 Slow                     Hex            100%       N/A       1%          1
 Confusing Touch          Hex            38%        N/A       1%          3
 Dazzling Flash           Conj/Hex       90%        N/A       1%          3
 Vampiric Draining        Necr           8%         2d6       9%          3
 Anguish                  Hex/Necr       11%        N/A       9%          4
 Enfeeble                 Hex            19%        N/A       86%         7


Dungeon Overview and Level Annotations

Branches:
Dungeon (6/15)
 Temple: D:4-7

Altars:
Ashenzari
Cheibriados
Dithmenos
Elyvilon
Ru
Vehumet
Xom

Shops:
D:3 ??   D:4 (

Annotations:
D:5 Dowan, Duvessa


Message History

The searing ray misses the killer bee.
The searing ray hits the killer bee.
The killer bee is moderately wounded.
You finish channelling your searing ray.
The killer bee barely misses you. The killer bee stings you.
You are poisoned.
The killer bee poisons you! The killer bee barely misses you.
Casting: Searing Ray (safe; 1% risk of failure)
Confirm with . or Enter, or press ? or * to list all spells.
Aiming: Searing Ray (safe; 1% risk of failure)
Press: ? - help, Shift-Dir - straight line, f/p - killer bee
Aim: a killer bee (severely wounded, 65% to hit)
The searing ray misses the killer bee. x2 (Press . to maintain the ray.)
You feel sick. The killer bee closely misses you.
The killer bee stings you but does no damage.
The killer bee stings you! The killer bee closely misses you.
The searing ray hits the killer bee.
You kill the killer bee!
Vehumet accepts your kill.
The searing ray hits the killer bee!
You kill the killer bee!
Vehumet accepts your kill.
You feel sick. The killer bee stings you!
You are more poisoned.
The killer bee poisons you! The killer bee stings you.
* * * LOW HITPOINT WARNING * * *
You are more poisoned.
The killer bee poisons you!
Your Fire Magic skill gained 2 levels and is now at level 3!
It was a potion of might.
You feel very mighty all of a sudden.
* * * LOW HITPOINT WARNING * * *
You feel very sick. The killer bee stings you.
* * * LOW HITPOINT WARNING * * *
The killer bee stings you but does no damage.
It was a potion of degeneration.
There was something very wrong with that liquid.
You feel weakened.
You feel dopey.
You feel clumsy.
You die...

#####..#..####...#####.........#
.....#.........###...###.###.###
.###..._...######......#.# #.#
..####...######...###....###.#
.....######......######...##.#
.#....###......###...###.....#
.####......#####..._.....#####
.. ##...###.........##### ##.
#####...###@y#### # #.## #.# #.#
#.# #.# ... #.#


You could see a killer bee.

Vanquished Creatures
  A water moccasin (D:6)
  A black bear (D:6)
  A necrophage (D:6)
  An ogre (D:4)
  3 centaurs
  2 scorpions
  A water moccasin skeleton (D:5)
  7 killer bees
  2 hounds
  2 jellies
  A bullfrog zombie (D:6)
  A bullfrog skeleton (D:4)
  A hound zombie (D:5)
  A hound skeleton (D:5)
  3 adders
  5 gnolls
  A shadow imp (D:6)
  An adder skeleton (D:4)
  2 worms
  3 dart slugs
  3 orcs
  4 endoplasms
  2 giant cockroaches
  2 hobgoblins
  3 jackals (D:1)
  3 kobolds
  3 quokkas
  7 ball pythons
  5 bats
  2 frilled lizards
  13 goblins
  5 rats
92 creatures vanquished.

Notes
Turn   | Place    | Note
-------+----------+-------------------------------------------
     0 | D:1      | horus123 the Deep Elf Conjurer began the quest for the Orb.
     0 | D:1      | Reached XP level 1. HP: 10/10 MP: 6/6
   405 | D:1      | Reached XP level 2. HP: 15/15 MP: 7/9
   408 | D:1      | Learned a level 2 spell: Searing Ray
   742 | D:1      | Reached skill level 5 in Conjurations
   992 | D:2      | Reached XP level 3. HP: 19/19 MP: 8/10
  1140 | D:2      | Found a faded altar of an unknown god.
  1705 | D:2      | Reached skill level 5 in Spellcasting
  1865 | D:2      | Reached XP level 4. HP: 24/24 MP: 9/13
  1973 | D:2      | Learned a level 4 spell: Fulminant Prism
  1978 | D:2      | Learned a level 4 spell: Iskenderun's Mystic Blast
  2260 | D:3      | Found a sacrificial altar of Ru.
  2402 | D:3      | Found a shadowy altar of Dithmenos.
  2427 | D:3      | Found Dapownil's Magic Scroll Shop.
  2440 | D:3      | Bought a scroll of enchant weapon for 105 gold pieces
  2740 | D:3      | Found Vatetwiv's Magic Scroll Emporium.
  2940 | D:4      | Noticed an ogre
  2946 | D:4      | Killed an ogre
  2947 | D:4      | Reached XP level 5. HP: 28/28 MP: 6/16
  3186 | D:4      | Found Ewur's Antique Weapon Shoppe.
  3189 | D:4      | Found a snail-covered altar of Cheibriados.
  3475 | D:5      | Entered Level 5 of the Dungeon
  3475 | D:5      | Found a radiant altar of Vehumet.
  3539 | D:5      | Noticed Dowan
  3549 | D:5      | Noticed a centaur
  3550 | D:5      | Noticed Duvessa
  3558 | D:5      | Reached XP level 6. HP: 14/32 MP: 14/18
  3754 | D:5      | Reached skill level 5 in Hexes
  3759 | D:5      | Reached XP level 7. HP: 7/36 MP: 9/19
  3839 | D:5      | Learned a level 6 spell: Starburst
  4088 | D:5      | Reached skill level 6 in Conjurations
  4121 | D:5      | Became a worshipper of Vehumet
  4218 | D:5      | Learned a level 3 spell: Tukima's Dance
  4706 | D:4      | Bought a faintly glowing rapier for 189 gold pieces
  4706 | D:4      | Identified the +1 rapier of Mutilation {drain, rC+} (You
                  | bought it in a shop on level 4 of the Dungeon)
  4953 | D:5      | Found a broken altar of Ashenzari.
  5004 | D:5      | Reached skill level 7 in Conjurations
  5415 | D:6      | Reached XP level 8. HP: 8/41 MP: 18/21
  5717 | D:6      | Reached skill level 8 in Conjurations
  5730 | D:6      | Found a white marble altar of Elyvilon.
  6019 | D:6      | Reached skill level 9 in Conjurations
  6185 | D:6      | Reached skill level 1 in Fire Magic
  6297 | D:6      | Found a shimmering altar of Xom.
  6319 | D:6      | HP: 2/41 [killer bee (1)]
  6320 | D:6      | Succumbed to a killer bee's poison

Illustrated notes

Levels and vault maps discovered:
D:1:      dpeg_arrival_ternary, layout_basic
D:2:      layout_basic, ebering_ecumenical_altar_hall
D:3:      layout_rooms, nicolae_dithmenos_through_a_glass_darkly,
          nicolae_ru_awakened_eye, serial_shops, nicolae_shop_hallway_plus,
          shop_statue, kennysheep_generic_room_12
D:4:      layout_cave_pools, cheibriados_altar_1, serial_shops, shop,
          minmay_misc_feat_secret_circle
D:5:      layout_loops_ring, ashenzari_conservatory_becter,
          amcnicky_altar_gilded, nicolae_ossuary_entry_monument, uniq_duvessa
D:6:      layout_loops_corners, mainiacjoe_overflow_catch_the_wave,
          kennysheep_boxes

Skill      XL: |  1  2  3  4  5  6  7  8 |
---------------+-------------------------+-----
Spellcasting   | 4 5 6 7 |  7.3
Conjurations   | 5 7 9 |  9.0
Hexes          | 3 6 |  6.1
Fire Magic     | 3 |  3.0
Dodging        | |  2.4
Stealth        | |  2.4

Action                   |  1- 3 |  4- 6 |  7- 9 || total
-------------------------+-------+-------+-------++-------
 Cast: Magic Dart        |    67 |    40 |    53 ||   160
       Searing Ray       |     4 |     9 |    15 ||    28
  Use: Scroll            |     2 |     7 |     1 ||    10
       Potion            |       |       |     2 ||     2
Armor: Robe              |     1 |       |    10 ||    11
Dodge: Dodged            |     3 |    19 |    21 ||    43

Table legend: (Time is in decaauts)
 A = Elapsed time spent in this place.
 B = Non-inter-level travel time spent in this place.
 C = Inter-level travel time spent in this place.
 D = Time resting spent in this place.
 E = Time spent auto-exploring this place.
 F = Levels seen in this place.
 G = Mean time per level.
                   A        B        C        D        E       F      G
               +--------+--------+--------+--------+--------+-----+--------+
         Total |   6316 |   6147 |    169 |   1183 |   4263 |   6 | 1052.7 |
       Dungeon |   6316 |   6147 |    169 |   1183 |   4263 |   6 | 1052.7 |
               +--------+--------+--------+--------+--------+-----+--------+

Top non-repeatable levels by time:
     D:5: 1682 daAuts
     D:2: 1148 daAuts
     D:6: 1106 daAuts
     D:1: 983 daAuts
     D:4: 760 daAuts
     D:3: 635 daAuts
